 Dungeon Crawl Stone Soup version 0.17.0-24-gcfadda4 (webtiles) character file.

118341 imganon the Executioner (level 16, -3/186 HPs)
             Began as a Demonspawn Berserker on Nov 17, 2015.
             Was the Champion of Trog.
             Slain by an entropy weaver (8 damage)
             ... on level 2 of the Spider Nest.
             The game lasted 01:13:38 (34288 turns).

imganon the Executioner (Demonspawn Berserker)     Turns: 34288, Time: 01:13:38

Health: -3/186     AC:  9    Str: 35 (36) XL:     16   Next: 25%
Magic:  2/16       EV:  9    Int: 15      God:    Trog [******]
Gold:   2241       SH:  0    Dex:  9      Spells: 0 memorised, 15 levels left

rFire  + . .     SeeInvis .     s - +1 executioner's axe (venom)
rCold  + . .     Clarity  .     Z - +1 plate armour {rC+}
rNeg   + + .     SustAt   .     (shield currently unavailable)
rPois  +         Gourm    .     g - +0 hat of the New World {rElec rN+}
rElec  +         Spirit   .     f - +0 cloak
rCorr  .         Warding  .     I - +1 pair of gloves
rMut   +         Stasis   .     t - +2 pair of boots {Fly}
MR     +....                    W - amulet "Nifoump" {rMut Str+5 Int+4}
Stlth  ..........               z - +4 ring of slaying
                                N - ring of the Okapi {*Drain rPois rN+ Str+4 Dex-4}

@: confused, berserking, corroded equipment, flying, very quick, somewhat
resistant to hostile enchantments, extremely unstealthy
A: claws 2, yellow scales 2, fire resistance 1, spiny 2, flame cloud immunity
a: Berserk, Trog's Hand, Brothers in Arms, Burn Spellbooks, Renounce Religion,
Stop Flying


You were on level 2 of the Spider Nest.
You worshipped Trog.
Trog was exalted by your worship.
You were very full.

You visited 4 branches of the dungeon, and saw 29 of its levels.
You also visited: Labyrinth.

You collected 3101 gold pieces.
You spent 860 gold pieces at shops.

Inventory:

Hand Weapons
 s - a +1 executioner's axe of venom (weapon)
 O - a +2 antimagic executioner's axe
 T - a +2 antimagic demon trident
Armour
 f - a +0 cloak (worn)
 g - the +0 hat of the New World (worn) {rElec rN+}
   (You acquired it on level 2 of the Lair of Beasts)

   It insulates you from electricity.
   It protects you from negative energy.
 t - a +2 pair of boots of flying (worn)
 I - a +1 pair of gloves (worn)
 Z - a +1 plate armour of cold resistance (worn)
Jewellery
 a - an uncursed ring of protection from magic
 i - an uncursed ring of teleportation
 m - an uncursed ring of protection from cold
 v - an uncursed amulet of resist corrosion
 x - an uncursed ring of see invisible
 z - a +4 ring of slaying (right hand)
 C - an uncursed ring of protection from fire
 E - an uncursed ring of sustain attributes
 H - an uncursed amulet of regeneration
 N - the ring of the Okapi (left hand) {*Drain rPois rN+ Str+4 Dex-4}
   (You found it on level 2 of the Lair of Beasts)

   [ring of strength]

   It affects your strength (+4).
   It affects your dexterity (-4).
   It protects you from poison.
   It protects you from negative energy.
   It causes draining when unequipped.
 W - the amulet "Nifoump" (around neck) {rMut Str+5 Int+4}
   (You found it on level 11 of the Dungeon)

   [amulet of resist mutation]

   It protects you from mutation.
   It affects your strength (+5).
   It affects your intelligence (+4).
 X - an uncursed amulet of faith {unknown}
Wands
 b - a wand of fireball (7)
 h - a wand of teleportation (6)
 k - a wand of fire (9)
 n - a wand of teleportation (6)
 D - a wand of digging (11)
 F - a wand of teleportation (6)
 G - a wand of teleportation (2)
Scrolls
 d - 5 scrolls of teleportation
 e - 6 scrolls of fog
 q - 3 scrolls of enchant weapon
 r - 10 scrolls of identify
 u - 4 scrolls of enchant armour
 w - 5 scrolls of fear
 y - 6 scrolls of recharging
 B - 4 scrolls of remove curse
 L - a scroll of blinking
 Q - a scroll of silence
Potions
 j - a potion of resistance
 l - 8 potions of curing
 o - 3 potions of heal wounds
 A - a potion of beneficial mutation {unknown}
 K - a potion of haste
 M - 2 potions of might
 P - a potion of magic
 R - 5 potions of agility
 S - a potion of cure mutation
 U - a potion of invisibility
 Y - a potion of brilliance
Comestibles
 c - 9 bread rations
 p - 9 meat rations
 J - a royal jelly
 V - 5 slices of pizza


   Skills:
 - Level 10.7 Fighting
 + Level 21.6 Axes
 - Level 10.1 Armour
 - Level 1.7 Dodging


You had 15 spell levels left.
You didn't know any spells.

Dungeon Overview and Level Annotations

Branches:
Dungeon (15/15)            Temple (0/1) D:4            Lair (8/8) D:8
 Shoals (0/4) Lair:5       Spider (2/4) Lair:6        Slime (0/6) Lair:7
    Orc (4/4) D:9             Elf (0/3) Orc:3        Vaults (0/5) D:14
 Depths (0/5) D:15

Altars:
Ashenzari
Dithmenos
Kikubaaqudgha
Makhleb
Nemelex Xobeh
Sif Muna
Trog
Vehumet
Xom
Beogh

Shops:
D:7 %   D:12 =   Orc:1 [*%   Orc:2 =   Orc:3 [   Orc:4 **[}

Portals:
Hell: Lair:8

Annotations:
D:4 exclusion: door


Innate Abilities, Weirdness & Mutations

You have very sharp fingernails.
You are mostly covered in yellow scales (AC +3).
Your flesh is heat resistant.
You are mostly covered in sharp spines.
You are immune to clouds of flame.


Message History

The demonic crawler misses you. The demonic crawler hits you.
* * * LOW HITPOINT WARNING * * *
The demonic crawler hits you but does no damage.
The tarantella bites you!
* * * LOW HITPOINT WARNING * * *
You are more confused.
Unknown command.
Unknown command.
Unknown command.
You slash the entropy weaver!
The entropy weaver is severely wounded.
You slash the tarantella!
You kill the tarantella!
Trog accepts your kill.
You slash the demonic crawler!
You kill the demonic crawler!
Trog accepts your kill.
The entropy weaver is struck by your spines.
The entropy weaver hits you!
You die...

^#.###...##............
....#.##..##..........#
#..##.....^#..........##
........#...†...#..#y..#
.##.^##...#....##.......
##)#.#.##.....#.....#
..#.......#..##....#.#
.#...###..#..##^.###
...#.#....#...#.@†#
.#...#..#..#..##.p...#
..##....#..#..###...##
.#...##.#.?## #..#
##....# # ...# ...##...#
^.^# #...# #.. ....
..##..^#. ...# .^^..#...


You could see an entropy weaver and a hornet.

Vanquished Creatures
  Rupert (D:15)
  Kirke (Spider:2)
  Maud (Lair:7)
  2 emperor scorpions
  A ghost moth (Spider:2)
  2 dire elephants
  Snorg (Orc:1)
  A minotaur (Lab)
  The ghost of stefzke33 the Basher, a journeyman TrBe of Trog (Lair:2)
  Josephine (Lair:4)
  Fannar (Orc:1)
  A hell beast (Lair:8)
  12 hydras
  2 centaur warriors (D:13)
  2 dancing weapons (D:14)
  A tengu warrior (D:15)
  An ogre mage (D:15)
  5 orc high priests
  5 unseen horrors
  Pikel (D:4)
  A wolf spider zombie (D:14)
  5 orc knights (Orc:4)
  2 hill giants
  A cyclops (D:14)
  A griffon (Lair:5)
  7 orb spiders
  9 ugly things
  8 wolf spiders
  A manticore (Lair:5)
  2 oklob plants
  A wizard (Lair:8)
  A moth of wrath (Spider:1)
  5 centaur zombies
  27 elephants
  Maurice (Orc:1)
  7 black mambas
  2 torpor snails (Lair:6)
  Psyche (D:10)
  9 spiny frogs
  5 orange demons (Lair:8)
  A hellwing (Lair:8)
  2 red devils (Lair:8)
  5 demonic crawlers
  2 fire drakes
  4 tengu conjurers
  18 komodo dragons
  A minotaur zombie (Lab)
  A freezing wraith (D:14)
  3 slime creatures
  7 trolls
  4 blink frogs (Lair:1)
  5 jumping spiders
  3 boulder beetles
  3 blue devils (Lair:8)
  3 two-headed ogres
  Sigmund (D:4)
  51 yaks
  2 shadows
  The ghost of dadoka the Sneak, an amateur SpCK of Xom (D:5)
  3 trapdoor spiders
  16 redbacks
  4 basilisks
  3 deep elf magi (D:12)
  10 tarantellas
  A wyvern (Lair:1)
  4 hogs
  2 water elementals
  2 hungry ghosts
  9 hippogriffs
  5 wolves
  4 wraiths
  The ghost of puimuR the Chopper, an amateur DsGl (D:4)
  2 humans
  Menkaure (D:7)
  A soldier ant (D:10)
  A mottled dragon (D:13)
  10 water moccasins
  2 wargs
  3 vampire mosquitoes (D:14)
  6 ice beasts
  35 orc warriors
  A slave (D:4)
  16 porcupines
  4 wasps
  6 sky beasts
  12 spiders
  23 crocodiles
  A necrophage (D:10)
  3 centaurs
  3 phantoms
  11 ogres
  17 giant frogs
  3 big kobolds
  19 killer bees
  4 scorpions
  6 wights
  2 electric eels
  A giant frog zombie (D:7)
  6 crimson imps
  2 quasits (D:8)
  5 hounds
  6 jellies
  40 orc priests
  8 centaur skeletons
  4 giant frog skeletons
  12 iguanas
  29 orc wizards
  11 worker ants
  Natasha (twice) (D:4)
  26 sheep
  A hound zombie (D:8)
  A hound skeleton (D:4)
  2 worker ant zombies
  5 gnolls
  10 adders
  58 river rats
  2 shadow imps (D:8)
  An ooze (D:7)
  An adder skeleton (D:8)
  2 worms
  3 giant geckos
  183 orcs
  2 ball pythons
  10 bats
  5 goblins
  6 hobgoblins
  5 jackals
  8 quokkas
  8 giant cockroaches
  A giant gecko skeleton (D:4)
  6 giant newts
  2 jackal skeletons
  20 kobolds
  A quokka skeleton (D:8)
  11 rats
  9 fungi
  9 plants
1036 creatures vanquished.

Vanquished Creatures (collateral kills)
  An ogre (D:15)
1 creature vanquished.

Vanquished Creatures (others)
  3 humans (Spider:2)
  Natasha (D:4)
  A quokka (D:4)
  19 fungi
  16 plants
40 creatures vanquished.

Grand Total: 1077 creatures vanquished

Notes
Turn   | Place    | Note
--------------------------------------------------------------
     0 | D:1      | imganon the Demonspawn Berserker began the quest for the Orb.
     0 | D:1      | Reached XP level 1. HP: 18/18 MP: 1/1
   101 | D:1      | Found a shattered altar of Ashenzari.
   129 | D:1      | Gained mutation: You are partially covered in sharp spines. [demonic ancestry]
   129 | D:1      | Reached XP level 2. HP: 21/24 MP: 2/2
   580 | D:2      | Reached XP level 3. HP: 15/29 MP: 3/3
   583 | D:2      | Reached skill level 4 in Axes
   587 | D:2      | Reached ** piety under Trog
   664 | D:2      | Reached XP level 4. HP: 14/35 MP: 4/4
   979 | D:3      | Reached skill level 5 in Axes
  1155 | D:3      | Gained mutation: You have sharp fingernails. [demonic ancestry]
  1155 | D:3      | Reached XP level 5. HP: 41/41 MP: 5/5
  1163 | D:3      | Reached skill level 6 in Axes
  1174 | D:3      | Reached XP level 6. HP: 4/47 MP: 6/6
  1417 | D:3      | Found a radiant altar of Vehumet.
  1462 | D:3      | Noticed a phantom
  1480 | D:3      | Killed a phantom
  1521 | D:3      | Reached *** piety under Trog
  2084 | D:4      | Noticed a moth of wrath
  2084 | D:4      | Noticed puimuR's ghost (amateur DsGl)
  2086 | D:4      | Found a bloodstained altar of Trog.
  2101 | D:4      | Killed puimuR's ghost
  2101 | D:4      | Reached skill level 7 in Axes
  2101 | D:4      | Reached XP level 7. HP: 23/52 MP: 7/7
  2318 | D:4      | Noticed Natasha
  2322 | D:4      | Killed Natasha
  2378 | D:4      | Reached skill level 8 in Axes
  2461 | D:4      | Noticed Pikel
  2479 | D:4      | Killed Pikel
  2479 | D:4      | Reached skill level 9 in Axes
  2479 | D:4      | Gained mutation: You have very sharp fingernails. [demonic ancestry]
  2479 | D:4      | Reached XP level 8. HP: 17/58 MP: 8/8
  2765 | D:4      | Found a staircase to the Ecumenical Temple.
  2974 | D:4      | Noticed Sigmund
  2990 | D:4      | Killed Sigmund
  2990 | D:4      | Reached skill level 10 in Axes
  3080 | D:4      | Noticed Natasha
  3085 | D:4      | Killed Natasha
  3179 | D:4      | Killed Natasha
  3281 | D:5      | Entered Level 5 of the Dungeon
  3622 | D:5      | Found a sparkling altar of Nemelex Xobeh.
  3637 | D:5      | Found a deep blue altar of Sif Muna.
  3756 | D:5      | Found a shimmering altar of Xom.
  3803 | D:5      | Noticed dadoka's ghost (amateur SpCK)
  3817 | D:5      | Killed dadoka's ghost
  3817 | D:5      | Reached skill level 11 in Axes
  3817 | D:5      | Gained mutation: You are partially covered in yellow scales (AC +2). [demonic ancestry]
  3817 | D:5      | Reached XP level 9. HP: 46/63 MP: 9/9
  4192 | D:6      | Found a burning altar of Makhleb.
  4192 | D:6      | Noticed a blizzard demon
  4229 | D:6      | Reached **** piety under Trog
  4605 | D:6      | Found a shadowy altar of Dithmenos.
  4606 | D:6      | Found an ancient bone altar of Kikubaaqudgha.
  4832 | D:7      | Reached skill level 12 in Axes
  5083 | D:7      | Found Heasmij's Food Shoppe.
  5096 | D:7      | Noticed Menkaure
  5100 | D:7      | Killed Menkaure
  5392 | D:8      | Found a staircase to the Lair.
  5394 | D:8      | Noticed a komodo dragon
  5630 | D:8      | Killed a komodo dragon
  5751 | D:8      | Reached skill level 13 in Axes
  5832 | D:8      | Reached XP level 10. HP: 58/70 MP: 10/10
  5909 | D:8      | Reached ***** piety under Trog
  6276 | Lair:1   | Entered Level 1 of the Lair of Beasts
  6653 | Lair:1   | Reached skill level 14 in Axes
  7324 | Lair:1   | Received a gift from Trog
  8147 | Lair:2   | Reached skill level 15 in Axes
  8147 | Lair:2   | Gained mutation: You are mostly covered in yellow scales (AC +3). [demonic ancestry]
  8147 | Lair:2   | Reached XP level 11. HP: 35/75 MP: 3/11
  8170 | Lair:2   | Noticed stefzke33's ghost (journeyman TrBe)
  8454 | Lair:2   | Killed stefzke33's ghost
  8669 | Lair:2   | Got an ancient ivory ring
  8695 | Lair:2   | Identified the ring of the Okapi {*Drain rPois rN+ Str+4 Dex-4} (You found it on level 2 of the Lair of Beasts)
  8784 | Lair:2   | Found a sparkling altar of Nemelex Xobeh.
  8803 | Lair:2   | Noticed a black mamba
  8808 | Lair:2   | Killed a black mamba
  9273 | Lair:2   | Reached skill level 16 in Axes
 10860 | Lair:3   | Received a gift from Trog
 11545 | Lair:4   | Noticed Josephine
 11603 | Lair:3   | Gained mutation: Your flesh is heat resistant. [demonic ancestry]
 11603 | Lair:3   | Reached XP level 12. HP: 72/81 MP: 4/12
 11609 | Lair:3   | Reached skill level 17 in Axes
 11660 | Lair:4   | Killed Josephine
 12845 | Lair:5   | Found a staircase to the Shoals.
 13651 | Lair:5   | Reached skill level 5 in Fighting
 13688 | Lair:5   | Reached skill level 5 in Armour
 14355 | Lair:5   | Noticed a seven-headed hydra
 14369 | Lair:5   | Killed a 14-headed hydra
 14369 | Lair:5   | Reached XP level 13. HP: 75/95 MP: 4/13
 15252 | Lair:4   | Received a gift from Trog
 15852 | Lair:6   | Found a dark tunnel.
 15974 | Lair:6   | Found a hole to the Spider Nest.
 16676 | Lair:7   | Found a staircase to the Slime Pits.
 16717 | Lair:7   | Received a gift from Trog
 17313 | Lair:7   | Found an ancient bone altar of Kikubaaqudgha.
 17463 | Lair:7   | Noticed Maud
 17473 | Lair:7   | Killed Maud
 17979 | Lair:8   | Entered Level 8 of the Lair of Beasts
 18418 | Lair:8   | Reached skill level 10 in Fighting
 18523 | Lair:8   | Noticed a dire elephant
 18529 | Lair:8   | Reached XP level 14. HP: 110/110 MP: 14/14
 18531 | Lair:8   | Killed a dire elephant
 19383 | Lair:8   | Reached skill level 18 in Axes
 19531 | Lair:8   | Found a burning altar of Makhleb.
 19939 | Lair:8   | Found a gateway to Hell.
 20104 | Lair:6   | Received a gift from Trog
 20211 | Lair:2   | Identified a scroll of acquirement
 20214 | Lair:2   | Got a heavily runed hat
 20225 | Lair:2   | Identified the +0 hat of the New World {rElec rN+} (You acquired it on level 2 of the Lair of Beasts)
 20313 | D:9      | Found a staircase to the Orcish Mines.
 20810 | D:10     | Entered Level 10 of the Dungeon
 20830 | D:10     | Noticed Psyche
 20835 | D:10     | Killed Psyche
 20835 | D:10     | Reached skill level 10 in Armour
 21158 | D:10     | Got a polished great mace
 21159 | D:10     | Identified the cursed +3 great mace of Bloody Death {drain, Int+2 SInv} (You found it on level 10 of the Dungeon)
 21524 | D:11     | Got a crude bone amulet
 21595 | D:11     | Identified the amulet "Nifoump" {rMut Str+5 Int+4} (You found it on level 11 of the Dungeon)
 21928 | Orc:1    | Entered Level 1 of the Orcish Mines
 21928 | Orc:1    | Noticed Maurice
 21939 | Orc:1    | Killed Maurice
 21960 | Orc:1    | Noticed Snorg
 21971 | Orc:1    | Killed Snorg
 22053 | Orc:1    | Received a gift from Trog
 22245 | Orc:2    | Found Noteg's Jewellery Emporium.
 22251 | Orc:2    | Reached ****** piety under Trog
 22485 | Orc:1    | Found a roughly hewn altar of Beogh.
 22536 | Orc:1    | Found Irobuiby's General Store.
 22566 | Orc:1    | Found Sihy Egiusmy's Antique Armour Shoppe.
 22580 | Orc:1    | Bought a cloak for 126 gold pieces
 22625 | Orc:3    | Found a staircase to the Elven Halls.
 22878 | Orc:3    | Found Qyticipp's Antique Armour Boutique.
 23286 | Orc:4    | Entered Level 4 of the Orcish Mines
 23288 | Orc:4    | Received a gift from Trog
 23302 | Orc:4    | Found a shimmering altar of Xom.
 24347 | Orc:4    | Received a gift from Trog
 25011 | Orc:4    | Reached skill level 19 in Axes
 26020 | Orc:4    | Found Luleagab's Assorted Antiques.
 26023 | Orc:4    | Found Xoitieph's Armour Emporium.
 26024 | Orc:4    | Found Pile's Gadget Emporium.
 26025 | Orc:4    | Found Vezajets's Assorted Antiques.
 26038 | Orc:4    | Bought a wand of teleportation (6) for 390 gold pieces
 26039 | Orc:4    | Bought a +2 pair of boots of flying for 344 gold pieces
 26181 | Orc:1    | Found Hetig's Food Emporium.
 26181 | Orc:1    | Noticed Fannar
 26193 | Orc:1    | Killed Fannar
 26444 | D:12     | Found Wuuf's Jewellery Boutique.
 26511 | D:12     | Received a gift from Trog
 26571 | D:12     | Gained mutation: You are mostly covered in sharp spines. [demonic ancestry]
 26571 | D:12     | Reached XP level 15. HP: 104/117 MP: 15/15
 26715 | D:12     | Found a labyrinth entrance.
 26725 | Lab      | Entered a labyrinth
 27138 | D:12     | Identified a +7 rod of ignition (13/13) (You found it in a labyrinth)
 28543 | D:13     | Reached skill level 20 in Axes
 29021 | D:14     | Received a gift from Trog
 29115 | D:14     | Found a gate to the Vaults.
 29315 | D:14     | Found a bloodstained altar of Trog.
 29949 | D:15     | Entered Level 15 of the Dungeon
 30356 | D:15     | Noticed Rupert
 30364 | D:15     | Killed Rupert
 31334 | D:15     | Found a staircase to the Depths.
 31728 | Spider:1 | Entered Level 1 of the Spider Nest
 31846 | Spider:1 | Reached skill level 21 in Axes
 31871 | Spider:1 | Received a gift from Trog
 32771 | Spider:1 | Gained mutation: You are immune to clouds of flame. [demonic ancestry]
 32771 | Spider:1 | Reached XP level 16. HP: 117/124 MP: 16/16
 32997 | Spider:2 | Noticed Kirke
 33373 | Spider:2 | Killed Kirke
 34170 | Spider:2 | Received a gift from Trog
 34287 | Spider:2 | HP: 4/186 [tarantella (9)]
 34288 | Spider:2 | Slain by an entropy weaver

Action                   |  1- 3 |  4- 6 |  7- 9 | 10-12 | 13-15 | 16-18 || total
-------------------------+-------+-------+-------+-------+-------+-------++-------
Melee: Hand axe          |    48 |    90 |   230 |       |       |       ||   368
       War axe           |       |       |    63 |   118 |       |       ||   181
       Broad axe         |       |       |       |   422 |    50 |       ||   472
       Battleaxe         |       |       |       |       |   107 |       ||   107
       Executioner's axe |       |       |       |       |   992 |    94 ||  1086
Invok: Berserk           |     1 |     2 |     6 |     8 |    17 |     1 ||    35
       Burn Spellbooks   |       |       |       |     2 |     1 |       ||     3
       Trog's Hand       |       |       |       |       |     1 |       ||     1
       Brothers in Arms  |       |       |       |       |     1 |       ||     1
Evoke: Wand              |       |       |       |     1 |     3 |       ||     4
  Use: Scroll            |       |     6 |       |     8 |    14 |     2 ||    30
       Potion            |       |       |       |     1 |    11 |       ||    12
 Stab: Sleeping          |       |     2 |     4 |       |       |       ||     6
  Eat: Chunk             |       |     1 |    10 |    15 |    28 |       ||    54
       Bread ration      |       |     1 |     2 |     3 |     8 |       ||    14
       Fruit             |       |       |     2 |       |     2 |       ||     4
       Beef jerky        |       |       |       |     3 |       |     4 ||     7
       Pizza             |       |       |       |     1 |     1 |     4 ||     6
       Meat ration       |       |       |       |       |     3 |       ||     3
